cohdb
Replays
Latest Replays
All Replays
Popular Replays
Top Player Replays
Match Explorer
How It Works
Community
CoH3 Stats
Reddit
Sign in to upload your games and track your stats! →
Sign in with Steam
Match 42903416
Unlisted
Match 42903416
Overview
Messages
Build Orders
End
Construct Barracks
Selects Special Operations Battlegroup
Selects M29 Weasel Recon Vehicle
M29 Weasel Recon Vehicle
Riflemen Squad
Riflemen Squad
Grenade Package
Riflemen Squad
M1 Mortar Team
Air Support Center
Construct Weapon Support Center
M3 Armored Personnel Carrier
Engineer Squad
M1918 Browning Automatic Rifles
Grasshopper Recon Run
P-47 Strafing Run
Riflemen Squad
Selects Smoke Screen
Selects SSF Commando Squad
SSF Commando Squad
P-47 Dive Bomb
P-47 Strafing Run
Smoke Screen
Construct Tank Depot
Grasshopper Recon Run
P-47 Dive Bomb
P-47 Strafing Run
Improved Aircraft Armor
mXp
欲望都市
Ozrealix
PenikmatKopi
城南抠鼻老汉
nightshade rose
Ghoulss
Flymeintothemoon
0
0
Comments
sign in to comment!
No comments posted yet!